AoeStats
← Threadus

Scandinavia

510617569Analyzed
1v1 RM · 17h ago on Oct 1, 2026· 59m 5s· 2 players
Game mode
Random Map
Map size
Tiny (2 player)
Population
200
Speed
Normal
Resources
Standard
Victory
Conquest
Starting age
Dark Age
Ending age
Imperial Age
RankedLock teamsTeams togetherTeam positionsShared explorationLock speedFull tech treeHidden civsTurbo modeCheats
Victory
Defeat
🇮🇹 Varangians · Italy
806
+15
🇬🇧 Britons · United Kingdom
780
-15
Threadus
4:54 Loom
12:09 Feudal Age
12:20 Man-at-Arms
14:39 Double-Bit Axe
14:50 Arson
22:26 Castle Age
22:34 Forging
24:40 Crossbowman
26:30 Wheelbarrow
29:22 Pikeman
33:05 Hand Cart
34:12 Ballistics
38:15 Imperial Age
35:48 Fletching
39:25 Conscription
39:27 Cavalier
40:56 Iron Casting
48:24 Chemistry
47:09 Arbalester
49:14 Gold Mining
50:45 Bodkin Arrow
54:19 Yeomen
56:11 Halberdier
roccgnv
3:41 Loom
12:39 Feudal Age
13:13 Horse Collar
13:21 Double-Bit Axe
13:31 Stone Mining
20:59 Castle Age
19:00 Man-at-Arms
20:58 Forging
22:12 Bow Saw
22:29 Scale Barding Armor
23:40 Husbandry
23:38 Light Cavalry
27:56 Wheelbarrow
28:44 Stone Shaft Mining
28:35 Long Swordsman
30:32 Elite Skirmisher
33:16 Iron Casting
34:06 Hand Cart
36:13 Padded Archer Armor
36:04 Fletching
42:25 Imperial Age
43:41 Conscription
42:44 Vendel Legacy
44:33 Blast Furnace
43:37 Pikeman
44:15 Halberdier
44:47 Cavalier
45:50 Elite Jarl
45:55 Vendel Legacy
47:34 Bloodlines
47:26 Scale Mail Armor
47:57 Gold Mining
48:04 Two-Handed Swordsman
48:45 Squires
48:30 Gambesons
50:09 Chain Barding Armor
50:05 Chain Mail Armor
50:16 Arson
51:43 Plate Barding Armor
50:43 Capped Ram
53:22 Siege Ram
56:25 Plate Mail Armor
55:31 Hussar
58:39 Two-Man Saw
57:43 Heavy Plow
57:36 Arson
57:29 Crossbowman
59:01 Elite Varangian Guard
Connection lost

Rejoining the realm…

Still unreachable

The connection could not be restored.

Session expired

The server has moved on; the page needs a fresh start.